 Dungeon Crawl Stone Soup version 0.24-a0-583-g87330a484a (webtiles) character file.

Game seed: 13787391022445375053, levelgen mode: deterministic

78 Ordine the Magician (level 4, -4/24 HPs)
             Began as a Deep Elf Wizard on Aug 28, 2019.
             Killed from afar by Sigmund (12 damage)
             ... with a puff of flame
             ... on level 2 of the Dungeon.
             The game lasted 00:07:58 (1785 turns).

Ordine the Magician (Deep Elf Wizard)               Turns: 1785, Time: 00:07:58

Health: -4/24      AC:  4    Str:  4    XL:     4   Next: 15%
Magic:  6/13       EV: 13    Int: 24    God:
Gold:   59         SH:  0    Dex: 13    Spells: 4/13 levels left

rFire    . . .     SeeInvis .   n - +0 dagger
rCold    . . .     Gourm    .   (no shield)
rNeg     . . .     Faith    .   a - +0 robe
rPois    .         Spirit   .   o - +0 helmet
rElec    .         Reflect  .   g - +0 cloak
rCorr    .         Harm     .   (no gloves)
MR       .....                  (no boots)
Stlth    ++........             (no amulet)
HPRegen  0.08/turn              (no ring)
MPRegen  0.13/turn              (no ring)

@: no status effects
A: no striking features
a: no special abilities


You were on level 2 of the Dungeon.
You were hungry.

You visited 1 branch of the dungeon, and saw 2 of its levels.

You collected 59 gold pieces.

Inventory:

Hand Weapons
 n - a +0 dagger (weapon)
Armour
 a - a +0 robe (worn)
 g - a +0 cloak (worn)
 o - a +0 helmet (worn)
Scrolls
 c - 5 scrolls of remove curse {unknown}
 e - a scroll of identify {unknown}
 h - a scroll of random uselessness {unknown}
 i - a scroll of enchant armour {unknown}
 l - a scroll of teleportation {unknown}
Potions
 f - 3 potions of mutation {unknown}
 j - a potion of haste {unknown}
 k - a potion of curing {unknown}
Comestibles
 d - 4 rations
 m - 8 chunks of flesh


   Skills:
 - Level 3.0 Dodging
 - Level 3.0 Stealth
 + Level 5.0 Spellcasting
 * Level 2.5 Conjurations
   Level 1.1 Summonings
 + Level 1.6 Translocations
 + Level 0.8 Fire Magic
 + Level 0.5 Air Magic


You had 4 spell levels left.
You knew the following spells:

 Your Spells              Type           Power        Failure   Level  Hunger
a - Magic Dart            Conj           ###.         3%          1    None
b - Blink                 Tloc           N/A          7%          2    None
c - Conjure Flame         Conj/Fire      ##......     13%         3    ##.....
d - Mephitic Cloud        Conj/Pois/Air  ##......     17%         3    ##.....

Your spell library contained the following spells:

 Spells                   Type           Power        Failure   Level  Hunger
 Call Imp                 Summ           ##......     9%          2    None
 Slow                     Hex            #.......     13%         2    None


Dungeon Overview and Level Annotations

Branches:
Dungeon (2/15)

Altars:
Ashenzari

Annotations:
D:2 Sigmund, Terence


Message History

Casting: Magic Dart (safe; 3% risk of failure)
Confirm with . or Enter, or press ? or * to list all spells.
Aiming: Magic Dart (safe; 3% risk of failure)
Press: ? - help, Shift-Dir - straight line, f - kobold
Aim: a kobold, wielding a +0 short sword (heavily wounded)
The magic dart hits the kobold.
You kill the kobold!
Something hits you!
* * * LOW HITPOINT WARNING * * *
Casting: Magic Dart (safe; 3% risk of failure)
Confirm with . or Enter, or press ? or * to list all spells.
You can't see any susceptible monsters within range! (Use Z to cast anyway.) Unknown command.
A puff of flame appears from out of thin air!
The puff of flame misses you.
Items here: ( ))) †† A puff of flame appears from out of thin air!
The puff of flame hits you!
Ouch! That really hurt!
You die...

.#....#############...)..........
###.###.. #....# ######.........
..###....##....# ###........# _.
......#....# ##.)).)[..... ..
#..........# ##..#......... ##
###........#####..##......... .
..####......#....###......... .
.... #......(.....##.........
.....#......@...^..##.......#
........)..........###.....##
.....#<...........# #######
.....##..........## #...#
##...##...## ..## ########## .#


There were no monsters in sight!

Vanquished Creatures
  Robin (D:2)
  An adder (D:1)
  3 oozes
  A dart slug (D:1)
  3 ball pythons
  12 goblins
  10 hobgoblins
  2 kobolds (D:2)
  3 bats
  A frilled lizard (D:1)
  2 rats (D:1)
39 creatures vanquished.

Notes
Turn   | Place    | Note
-------+----------+-------------------------------------------
     0 | D:1      | Ordine the Deep Elf Wizard began the quest for the Orb.
     0 | D:1      | Reached XP level 1. HP: 10/10 MP: 7/7
   159 | D:1      | Reached XP level 2. HP: 7/15 MP: 0/9
   663 | D:1      | Reached XP level 3. HP: 19/19 MP: 0/11
   667 | D:1      | Learned a level 2 spell: Blink
   671 | D:1      | Learned a level 3 spell: Conjure Flame
   675 | D:1      | Learned a level 3 spell: Mephitic Cloud
  1185 | D:2      | Noticed Terence
  1627 | D:2      | Noticed Robin
  1628 | D:2      | Reached skill level 5 in Spellcasting
  1645 | D:2      | Killed Robin
  1645 | D:2      | Reached XP level 4. HP: 20/24 MP: 0/13
  1717 | D:2      | Found a shattered altar of Ashenzari.
  1734 | D:2      | Noticed Sigmund
  1785 | D:2      | Killed from afar by Sigmund

Levels and vault maps discovered:
D:1:      psy_arrival_terrarium, layout_basic, interstate_on_off
D:2:      layout_rooms, nicolae_ashenzari_panopticon, first_ration,
          uniq_terence, uniq_robin, uniq_sigmund

Skill      XL: |  1  2  3 |
---------------+----------+-----
Stealth        | 3 |  3.0
Dodging        | 3 |  3.0
Conjurations   | 2 |  2.5
Spellcasting   | 5 |  5.0
Summonings     | |  1.1
Translocations | |  1.6
Fire Magic     | |  0.8
Air Magic      | |  0.5

Action                   |  1- 3 |  4- 6 || total
-------------------------+-------+-------++-------
Melee: Unarmed           |     3 |       ||     3
       Dagger            |     3 |     7 ||    10
 Cast: Magic Dart        |    97 |     9 ||   106
       Mephitic Cloud    |     2 |       ||     2
       Conjure Flame     |       |     1 ||     1
 Stab: Confused          |     1 |       ||     1
  Eat: Chunk             |     2 |       ||     2
Armor: Robe              |     9 |       ||     9
Dodge: Dodged            |    25 |     7 ||    32

Table legend:
 A = Non-vault XP
 B = Vault XP
 C = Vault XP percentage of total XP
 D = Non-vault monster count
 E = Vault monster count
 F = Vault count percentage of total count
                 A         B        C        D         E       F
            +---------+---------+-------+---------+---------+-------
      Total |      75 |      37 |  33.0 |      27 |      12 |  30.8
            +---------+---------+-------+---------+---------+-------
        D:1 |      60 |       8 |  11.8 |      21 |       4 |  16.0
        D:2 |      15 |      29 |  65.9 |       6 |       8 |  57.1
            +---------+---------+-------+---------+---------+-------
